[ AOE2 MATCH · #481024269 ]
Team RMTeutons vs Sicilians
[ REPLAY ANALYSIS · EXTRACTED FROM THE RECORDED GAME ]
Feudal
13:51
Castle
25:23
Imperial
—
| APM avg | 16.9 |
| APM peak | 50 |
| eAPM avg | 12.9 |
| Villagers / military | 75 / 40 |
Focus
⚔️ 20.3% · 🌾 79.7%
Militia ×12 · Archer ×11 · Knight ×8 · Skirmisher ×4 · Spearman ×3 · Scout Cavalry ×2
Feudal
13:15
Castle
26:39
Imperial
—
| APM avg | 17.4 |
| APM peak | 31 |
| eAPM avg | 9.8 |
| Villagers / military | 35 / 23 |
Focus
⚔️ 19.0% · 🌾 81.0%
Serjeant ×21 · Spearman ×2
Feudal
10:58
Castle
—
Imperial
—
| APM avg | 13.9 |
| APM peak | 50 |
| eAPM avg | 6.0 |
| Villagers / military | 36 / 4 |
Focus
⚔️ 11.9% · 🌾 88.1%
Fishing Ship ×8 · Archer ×2 · Spearman ×2
Feudal
11:31
Castle
23:40
Imperial
—
| APM avg | 6.8 |
| APM peak | 21 |
| eAPM avg | 5.0 |
| Villagers / military | 37 / 0 |
Focus
⚔️ 16.3% · 🌾 83.7%
Feudal
—
Castle
—
Imperial
—
| APM avg | 12.3 |
| APM peak | 30 |
| eAPM avg | 7.8 |
| Villagers / military | 47 / 19 |
Focus
⚔️ 18.2% · 🌾 81.8%
Fishing Ship ×20 · Spearman ×9 · Militia ×5 · Scout Cavalry ×5
Feudal
11:16
Castle
19:14
Imperial
—
| APM avg | 31.9 |
| APM peak | 98 |
| eAPM avg | 10.3 |
| Villagers / military | 67 / 43 |
Focus
⚔️ 21.9% · 🌾 78.1%
Woad Raider ×22 · Spearman ×16 · Knight ×5
Match map
Initial resources + every placement click. Lines = walls · curves = elevation contours. ◆ gold · ⬟ stone · ● berries · ✦ relic · ◌ wall gap
Your base· Open — unwalled flank
nacho167's base· Open — unwalled flank
John Battlefield's base· Open — unwalled flank
RAFAEL CORREA DELGADO's base· Open — unwalled flank
HolyAssassin785's base· Open — unwalled flank
EL SANTO PADRE EL ORIGINAL's base· Open — unwalled flank
Smoothed initial terrain · ◌ = detected wall gap · hover for details
Inputs per minute
— Leon S. Kennedy - - nacho167
Build order — Leon S. Kennedy
First 150 of 181 actions detected
| 0:06 | Research | Loom |
| 0:07 | Create | Villager (Male) |
| 0:07 | Create | Villager (Male) |
| 0:07 | Create | Villager (Male) |
| 0:07 | Create | Villager (Male) |
| 0:08 | Create | Villager (Male) |
| 0:38 | Build | House |
| 0:38 | Build | House |
| 0:39 | Build | House |
| 2:39 | Create | Villager (Male) |
| 3:06 | Create | Villager (Male) |
| 3:42 | Create | Villager (Male) |
| 4:09 | Create | Villager (Male) |
| 4:49 | Create | Villager (Male) |
| 4:50 | Create | Villager (Male) |
| 4:54 | Create | Villager (Male) |
| 4:54 | Create | Villager (Male) |
| 5:21 | Build | Lumber Camp |
| 5:22 | Create | Villager (Male) |
| 5:22 | Create | Villager (Male) |
| 5:57 | Create | Villager (Male) |
| 5:57 | Create | Villager (Male) |
| 6:26 | Create | Villager (Male) |
| 6:34 | Build | House |
| 6:52 | Create | Villager (Male) |
| 6:52 | Create | Villager (Male) |
| 6:53 | Create | Villager (Male) |
| 7:11 | Build | House |
| 7:17 | Create | Villager (Male) |
| 7:17 | Create | Villager (Male) |
| 7:45 | Create | Villager (Male) |
| 7:45 | Create | Villager (Male) |
| 8:17 | Create | Villager (Male) |
| 8:26 | Create | Villager (Male) |
| 8:26 | Create | Villager (Male) |
| 8:49 | Create | Villager (Male) |
| 8:50 | Create | Villager (Male) |
| 9:26 | Create | Villager (Male) |
| 9:27 | Create | Villager (Male) |
| 9:47 | Create | Villager (Male) |
| 10:24 | Build | Mining Camp |
| 11:41 | Research | Feudal Age |
| 12:02 | Build | Barracks |
| 13:04 | Build | House |
| 13:05 | Build | House |
| 13:05 | Build | House |
| 13:09 | Create | Militia |
| 13:09 | Create | Militia |
| 13:10 | Create | Militia |
| 13:10 | Create | Militia |
| 13:10 | Create | Militia |
| 13:10 | Create | Militia |
| 13:11 | Create | Militia |
| 13:31 | Build | Mining Camp |
| 13:38 | Build | House |
| 13:38 | Build | House |
| 13:39 | Build | House |
| 13:42 | Create | Villager (Male) |
| 13:42 | Create | Villager (Male) |
| 13:42 | Create | Villager (Male) |
| 13:51 | Age | Feudal Age |
| 14:00 | Build | Archery Range |
| 14:23 | Create | Spearman |
| 14:23 | Create | Spearman |
| 14:24 | Create | Spearman |
| 14:54 | Build | Mill |
| 15:03 | Create | Archer |
| 15:04 | Create | Archer |
| 15:04 | Create | Archer |
| 15:05 | Create | Skirmisher |
| 15:05 | Create | Skirmisher |
| 15:06 | Create | Skirmisher |
| 15:06 | Create | Skirmisher |
| 15:12 | Create | Villager (Male) |
| 15:28 | Build | Farm |
| 15:29 | Build | Farm |
| 15:30 | Build | Farm |
| 15:30 | Build | Farm |
| 15:31 | Build | Farm |
| 15:32 | Build | Farm |
| 16:12 | Build | Farm |
| 16:13 | Build | Farm |
| 16:15 | Build | Farm |
| 16:16 | Build | Farm |
| 16:17 | Build | Farm |
| 16:18 | Build | Farm |
| 16:19 | Build | Farm |
| 16:25 | Build | Watch Tower |
| 16:57 | Create | Villager (Male) |
| 16:58 | Create | Villager (Male) |
| 17:12 | Build | Farm |
| 17:13 | Create | Villager (Male) |
| 17:28 | Create | Villager (Male) |
| 17:29 | Create | Villager (Male) |
| 17:45 | Create | Villager (Male) |
| 17:45 | Create | Villager (Male) |
| 17:46 | Create | Villager (Male) |
| 17:58 | Build | Farm |
| 18:17 | Build | Blacksmith |
| 18:25 | Create | Villager (Male) |
| 18:26 | Create | Villager (Male) |
| 18:26 | Create | Villager (Male) |
| 18:36 | Build | House |
| 18:37 | Build | House |
| 18:56 | Research | Man-at-Arms (upgrade) |
| 19:11 | Build | Farm |
| 19:39 | Research | Forging |
| 19:40 | Create | Villager (Male) |
| 19:41 | Create | Villager (Male) |
| 19:57 | Build | Farm |
| 20:07 | Research | Fletching |
| 20:08 | Create | Villager (Male) |
| 20:08 | Create | Villager (Male) |
| 22:41 | Build | Stable |
| 22:43 | Research | Castle Age |
| 22:46 | Create | Archer |
| 22:46 | Create | Archer |
| 22:46 | Create | Archer |
| 22:47 | Create | Archer |
| 22:47 | Create | Archer |
| 22:47 | Create | Archer |
| 22:47 | Create | Archer |
| 22:47 | Create | Archer |
| 22:50 | Create | Militia |
| 22:51 | Create | Militia |
| 23:07 | Build | Watch Tower |
| 23:14 | Create | Militia |
| 23:14 | Create | Militia |
| 23:15 | Create | Militia |
| 23:46 | Research | Scale Mail Armor |
| 23:56 | Build | Stable |
| 24:03 | Research | Horse Collar |
| 24:17 | Research | Arson |
| 24:43 | Research | Bloodlines |
| 24:56 | Build | House |
| 24:56 | Build | House |
| 24:57 | Build | House |
| 24:59 | Build | House |
| 25:23 | Age | Castle Age |
| 25:28 | Create | Knight |
| 25:28 | Create | Knight |
| 25:28 | Create | Knight |
| 25:29 | Create | Knight |
| 25:29 | Create | Knight |
| 25:29 | Create | Knight |
| 26:04 | Create | Knight |
| 26:06 | Create | Scout Cavalry |
| 26:06 | Create | Scout Cavalry |
| 26:12 | Create | Villager (Male) |
| 26:12 | Create | Villager (Male) |
Build order — nacho167
128 actions detected in the replay
| 0:03 | Create | Villager (Male) |
| 0:04 | Create | Villager (Male) |
| 0:04 | Create | Villager (Male) |
| 0:17 | Build | House |
| 1:37 | Create | Villager (Male) |
| 1:37 | Create | Villager (Male) |
| 1:38 | Create | Villager (Male) |
| 1:38 | Create | Villager (Male) |
| 3:16 | Build | House |
| 3:19 | Build | House |
| 3:31 | Create | Villager (Male) |
| 3:32 | Create | Villager (Male) |
| 3:32 | Create | Villager (Male) |
| 3:32 | Create | Villager (Male) |
| 4:08 | Create | Villager (Male) |
| 4:08 | Create | Villager (Male) |
| 4:58 | Build | Lumber Camp |
| 5:06 | Create | Villager (Male) |
| 5:44 | Create | Villager (Male) |
| 5:45 | Create | Villager (Male) |
| 5:45 | Create | Villager (Male) |
| 6:58 | Create | Villager (Male) |
| 7:07 | Build | House |
| 7:44 | Create | Villager (Male) |
| 7:52 | Create | Villager (Male) |
| 8:18 | Create | Villager (Male) |
| 8:21 | Create | Villager (Male) |
| 8:26 | Create | Villager (Male) |
| 8:49 | Create | Villager (Male) |
| 9:16 | Build | Lumber Camp |
| 9:38 | Create | Villager (Male) |
| 10:02 | Build | Mining Camp |
| 10:46 | Build | Mining Camp |
| 11:00 | Build | Mill |
| 11:05 | Research | Feudal Age |
| 12:08 | Build | House |
| 12:11 | Build | House |
| 12:12 | Build | House |
| 12:15 | Build | House |
| 12:40 | Build | Barracks |
| 13:03 | Create | Villager (Male) |
| 13:15 | Age | Feudal Age |
| 13:24 | Build | Farm |
| 13:24 | Build | Farm |
| 13:24 | Build | Farm |
| 13:25 | Build | Farm |
| 13:25 | Build | Farm |
| 13:25 | Build | Farm |
| 13:26 | Build | Farm |
| 13:26 | Build | Farm |
| 13:31 | Create | Villager (Male) |
| 13:31 | Create | Villager (Male) |
| 13:32 | Create | Villager (Male) |
| 13:40 | Research | Double-Bit Axe |
| 13:53 | Create | Spearman |
| 14:01 | Create | Spearman |
| 14:54 | Create | Villager (Male) |
| 14:55 | Create | Villager (Male) |
| 14:57 | Build | Farm |
| 14:57 | Build | Farm |
| 14:57 | Build | Farm |
| 14:57 | Build | Farm |
| 14:58 | Build | Farm |
| 15:43 | Build | House |
| 15:44 | Build | House |
| 15:48 | Build | House |
| 15:50 | Build | House |
| 15:58 | Build | House |
| 16:07 | Research | Loom |
| 16:07 | Create | Villager (Male) |
| 16:08 | Create | Villager (Male) |
| 16:08 | Create | Villager (Male) |
| 16:19 | Research | Horse Collar |
| 17:48 | Build | Donjon |
| 18:08 | Build | Blacksmith |
| 18:27 | Research | Town Watch |
| 18:47 | Build | Stable |
| 18:52 | Build | Stable |
| 19:06 | Build | Market |
| 19:29 | Create | Serjeant |
| 19:29 | Create | Serjeant |
| 19:29 | Create | Serjeant |
| 19:30 | Create | Serjeant |
| 19:30 | Create | Serjeant |
| 19:30 | Create | Serjeant |
| 19:31 | Create | Serjeant |
| 19:31 | Create | Serjeant |
| 19:52 | Build | Farm |
| 19:52 | Build | Farm |
| 19:52 | Build | Farm |
| 19:53 | Build | Farm |
| 19:53 | Build | Farm |
| 19:53 | Build | Farm |
| 20:00 | Create | Villager (Male) |
| 20:48 | Build | Farm |
| 20:48 | Build | Farm |
| 20:48 | Build | Farm |
| 22:40 | Create | Serjeant |
| 22:41 | Create | Serjeant |
| 22:41 | Create | Serjeant |
| 22:41 | Create | Serjeant |
| 22:44 | Research | Forging |
| 22:45 | Research | Scale Mail Armor |
| 23:01 | Build | House |
| 23:03 | Build | House |
| 23:09 | Build | House |
| 23:10 | Build | House |
| 23:12 | Build | House |
| 23:59 | Research | Castle Age |
| 24:24 | Create | Serjeant |
| 24:25 | Create | Serjeant |
| 24:25 | Create | Serjeant |
| 24:25 | Create | Serjeant |
| 24:26 | Create | Serjeant |
| 24:48 | Research | Fletching |
| 26:00 | Research | Scale Barding Armor |
| 26:39 | Age | Castle Age |
| 27:01 | Build | University |
| 27:49 | Research | Murder Holes |
| 27:51 | Research | Ballistics |
| 28:24 | Build | Castle |
| 29:33 | Build | Donjon |
| 29:46 | Build | Donjon |
| 30:33 | Research | Bodkin Arrow |
| 31:14 | Create | Serjeant |
| 31:15 | Create | Serjeant |
| 31:15 | Create | Serjeant |
| 31:15 | Create | Serjeant |
Build order — John Battlefield
88 actions detected in the replay
| 0:19 | Build | House |
| 0:36 | Create | Villager (Male) |
| 0:36 | Create | Villager (Male) |
| 0:36 | Create | Villager (Male) |
| 1:18 | Research | Loom |
| 1:18 | Create | Villager (Male) |
| 1:46 | Build | Lumber Camp |
| 2:18 | Create | Villager (Male) |
| 3:02 | Create | Villager (Male) |
| 3:50 | Create | Villager (Male) |
| 4:24 | Create | Villager (Male) |
| 4:31 | Build | House |
| 6:21 | Create | Villager (Male) |
| 6:21 | Create | Villager (Male) |
| 6:22 | Create | Villager (Male) |
| 6:22 | Create | Villager (Male) |
| 6:23 | Create | Villager (Male) |
| 7:08 | Build | Dock |
| 8:32 | Build | Lumber Camp |
| 8:48 | Research | Feudal Age |
| 10:41 | Build | House |
| 10:58 | Age | Feudal Age |
| 11:06 | Build | Mill |
| 11:15 | Build | Mining Camp |
| 11:22 | Create | Villager (Male) ×5 |
| 11:26 | Research | Double-Bit Axe |
| 11:34 | Create | Fishing Ship |
| 12:13 | Build | House |
| 12:24 | Build | Fish Trap |
| 12:54 | Research | Horse Collar |
| 12:57 | Research | Gold Mining |
| 13:01 | Create | Villager (Male) |
| 14:09 | Create | Fishing Ship |
| 14:13 | Create | Villager (Male) |
| 14:14 | Create | Villager (Male) |
| 14:20 | Build | House |
| 14:22 | Build | House |
| 14:23 | Build | House |
| 14:34 | Build | Blacksmith |
| 14:38 | Research | Wheelbarrow |
| 15:03 | Build | Fish Trap |
| 15:25 | Create | Villager (Male) ×2 |
| 15:42 | Build | Mining Camp |
| 15:58 | Build | Farm |
| 16:06 | Build | Farm |
| 16:21 | Create | Villager (Male) |
| 16:22 | Create | Villager (Male) |
| 16:28 | Create | Villager (Male) |
| 17:03 | Research | Tech 906 |
| 17:58 | Build | Dock |
| 18:11 | Create | Villager (Male) ×2 |
| 18:25 | Build | Market |
| 18:30 | Build | Lumber Camp |
| 18:46 | Build | Farm |
| 19:14 | Build | Gate |
| 19:45 | Build | Barracks |
| 20:00 | Create | Villager (Male) ×3 |
| 20:09 | Create | Fishing Ship |
| 20:11 | Create | Fishing Ship |
| 20:26 | Build | Lumber Camp |
| 20:48 | Build | Archery Range |
| 20:49 | Build | Archery Range |
| 20:56 | Build | Fish Trap |
| 21:08 | Create | Villager (Male) |
| 21:11 | Create | Villager (Male) |
| 21:27 | Build | House |
| 21:28 | Build | House |
| 21:38 | Build | Fish Trap |
| 22:05 | Build | Farm |
| 22:07 | Build | Farm |
| 22:11 | Build | Farm |
| 22:28 | Create | Villager (Male) ×3 |
| 22:36 | Build | Farm |
| 22:41 | Create | Fishing Ship |
| 22:41 | Create | Fishing Ship |
| 22:58 | Build | Farm |
| 23:07 | Create | Fishing Ship |
| 23:08 | Create | Fishing Ship |
| 23:19 | Build | Watch Tower |
| 23:36 | Build | Fish Trap |
| 23:50 | Build | Farm |
| 25:43 | Create | Spearman |
| 25:43 | Create | Spearman |
| 25:49 | Create | Archer |
| 25:50 | Create | Archer |
| 26:27 | Build | Mining Camp |
| 27:00 | Research | Castle Age |
| 27:10 | Research | Fletching |
Build order — RAFAEL CORREA DELGADO
90 actions detected in the replay
| 0:11 | Build | House |
| 0:12 | Build | House |
| 0:14 | Build | House |
| 0:28 | Research | Loom |
| 0:33 | Create | Villager (Male) ×4 |
| 1:36 | Build | Lumber Camp |
| 2:31 | Create | Villager (Male) |
| 2:42 | Create | Villager (Male) |
| 2:59 | Create | Villager (Male) |
| 3:18 | Create | Villager (Male) |
| 3:54 | Create | Villager (Male) |
| 4:15 | Create | Villager (Male) |
| 4:25 | Create | Villager (Male) |
| 5:07 | Build | House |
| 8:24 | Build | Mill |
| 9:21 | Research | Feudal Age |
| 11:31 | Age | Feudal Age |
| 11:43 | Create | Villager (Male) |
| 11:51 | Research | Double-Bit Axe |
| 12:17 | Build | Blacksmith |
| 12:29 | Build | Market |
| 12:36 | Build | House |
| 12:38 | Build | House |
| 12:40 | Build | House |
| 12:47 | Create | Villager (Male) |
| 12:48 | Create | Villager (Male) |
| 12:49 | Create | Villager (Male) |
| 13:16 | Create | Villager (Male) |
| 14:21 | Build | Mining Camp |
| 14:38 | Create | Villager (Male) |
| 14:41 | Create | Villager (Male) |
| 14:46 | Research | Horse Collar |
| 15:19 | Build | Farm |
| 15:25 | Create | Villager (Male) |
| 15:34 | Build | Farm |
| 15:58 | Build | Farm |
| 16:25 | Build | Barracks |
| 16:48 | Create | Villager (Male) |
| 17:23 | Build | Farm |
| 17:27 | Create | Villager (Male) |
| 17:27 | Create | Villager (Male) |
| 17:56 | Build | Farm |
| 18:05 | Create | Villager (Male) |
| 18:32 | Build | Farm |
| 18:48 | Build | Farm |
| 18:59 | Create | Villager (Male) |
| 19:00 | Create | Villager (Male) |
| 19:02 | Create | Villager (Male) |
| 20:10 | Build | Archery Range |
| 20:19 | Build | Archery Range |
| 20:22 | Build | Archery Range |
| 20:35 | Create | Villager (Male) |
| 20:59 | Research | Castle Age |
| 21:05 | Build | Farm |
| 21:28 | Research | Scale Mail Armor |
| 23:40 | Age | Castle Age |
| 23:43 | Research | Fletching |
| 23:43 | Research | Padded Archer Armor |
| 23:52 | Build | Farm |
| 24:03 | Build | Farm |
| 24:06 | Build | Farm |
| 24:09 | Build | Mill |
| 24:19 | Research | Bow Saw |
| 24:35 | Research | Heavy Plow |
| 25:04 | Build | Farm |
| 25:39 | Create | Villager (Male) |
| 25:40 | Create | Villager (Male) |
| 26:02 | Research | Bodkin Arrow |
| 26:02 | Research | Leather Archer Armor |
| 26:13 | Build | University |
| 26:55 | Build | Farm |
| 28:07 | Research | Ballistics |
| 28:21 | Create | Villager (Male) |
| 28:22 | Create | Villager (Male) |
| 28:26 | Build | Farm |
| 29:33 | Create | Villager (Male) |
| 29:34 | Create | Villager (Male) |
| 29:34 | Create | Villager (Male) |
| 30:14 | Build | Farm |
| 30:28 | Build | Farm |
| 31:27 | Create | Villager (Male) |
| 31:28 | Create | Villager (Male) |
| 31:28 | Create | Villager (Male) |
| 31:29 | Research | Wheelbarrow |
| 31:30 | Research | Town Watch |
| 31:33 | Research | Gold Mining |
| 31:45 | Build | Stable |
| 31:49 | Build | Stable |
| 31:51 | Build | Stable |
| 32:16 | Build | House |
Build order — HolyAssassin785
First 150 of 152 actions detected
| 0:02 | Create | Villager (Male) ×4 |
| 0:06 | Build | House |
| 0:07 | Build | House |
| 1:37 | Create | Villager (Male) |
| 2:10 | Create | Villager (Male) |
| 2:29 | Create | Villager (Male) |
| 2:54 | Create | Villager (Male) |
| 2:54 | Create | Villager (Male) |
| 3:14 | Build | Lumber Camp |
| 3:20 | Create | Villager (Male) |
| 3:20 | Create | Villager (Male) |
| 3:41 | Create | Villager (Male) |
| 3:41 | Create | Villager (Male) |
| 3:41 | Create | Villager (Male) |
| 4:17 | Create | Villager (Male) |
| 4:21 | Build | House |
| 4:23 | Build | House |
| 4:24 | Build | House |
| 4:52 | Create | Villager (Male) |
| 5:25 | Create | Villager (Male) |
| 5:26 | Create | Villager (Male) |
| 5:43 | Research | Loom |
| 5:53 | Build | Mining Camp |
| 6:02 | Create | Villager (Male) |
| 6:02 | Create | Villager (Male) |
| 6:25 | Create | Villager (Male) |
| 6:45 | Create | Villager (Male) |
| 6:45 | Create | Villager (Male) |
| 7:10 | Create | Villager (Male) |
| 7:16 | Build | Mining Camp |
| 7:20 | Create | Villager (Male) |
| 7:43 | Build | Mill |
| 7:47 | Create | Villager (Male) |
| 8:26 | Create | Villager (Male) |
| 8:27 | Create | Villager (Male) |
| 8:49 | Build | Dock |
| 9:13 | Create | Villager (Male) |
| 9:54 | Build | Barracks |
| 10:05 | Create | Fishing Ship |
| 10:26 | Create | Villager (Male) |
| 10:38 | Create | Villager (Male) |
| 11:08 | Create | Villager (Male) |
| 11:26 | Build | House |
| 11:27 | Build | House |
| 11:29 | Build | House |
| 11:44 | Create | Villager (Male) |
| 11:48 | Build | Lumber Camp |
| 11:52 | Create | Fishing Ship |
| 12:30 | Research | Feudal Age |
| 13:00 | Build | House |
| 13:01 | Build | House |
| 13:03 | Build | House |
| 13:04 | Build | House |
| 13:06 | Build | House |
| 13:11 | Create | Fishing Ship |
| 13:12 | Create | Fishing Ship |
| 13:57 | Build | Lumber Camp |
| 14:22 | Create | Fishing Ship |
| 15:00 | Build | Watch Tower |
| 15:09 | Create | Villager (Male) |
| 15:10 | Research | Town Watch |
| 15:11 | Create | Villager (Male) |
| 15:13 | Research | Arson |
| 15:14 | Create | Spearman |
| 15:15 | Create | Spearman |
| 15:31 | Research | Horse Collar |
| 15:34 | Research | Double-Bit Axe |
| 15:44 | Build | Stable |
| 15:48 | Build | Archery Range |
| 15:53 | Create | Villager (Male) |
| 15:58 | Create | Spearman |
| 16:37 | Build | Watch Tower |
| 16:47 | Build | Lumber Camp |
| 16:55 | Create | Villager (Male) |
| 16:55 | Create | Villager (Male) |
| 16:59 | Research | Tech 906 |
| 17:00 | Create | Fishing Ship |
| 17:17 | Create | Spearman |
| 17:20 | Create | Villager (Male) |
| 17:23 | Build | Farm |
| 17:55 | Create | Fishing Ship |
| 18:09 | Create | Spearman |
| 18:09 | Create | Spearman |
| 18:20 | Create | Villager (Male) |
| 18:24 | Create | Scout Cavalry |
| 18:32 | Build | Farm |
| 18:33 | Build | Farm |
| 18:38 | Build | Farm |
| 18:39 | Build | Farm |
| 18:41 | Build | Farm |
| 18:42 | Build | Farm |
| 18:43 | Build | Farm |
| 18:46 | Create | Villager (Male) |
| 18:46 | Create | Villager (Male) |
| 18:56 | Build | Dock |
| 19:06 | Build | Farm |
| 19:38 | Create | Villager (Male) |
| 19:39 | Create | Villager (Male) |
| 19:43 | Create | Fishing Ship |
| 19:43 | Create | Fishing Ship |
| 20:00 | Build | Blacksmith |
| 20:03 | Build | Blacksmith |
| 20:07 | Build | Market |
| 20:25 | Build | Watch Tower |
| 20:37 | Build | Watch Tower |
| 20:41 | Research | Man-at-Arms (upgrade) |
| 20:42 | Create | Militia |
| 20:44 | Create | Spearman |
| 20:45 | Create | Militia |
| 21:28 | Create | Villager (Male) |
| 21:28 | Create | Villager (Male) |
| 21:33 | Create | Spearman |
| 21:33 | Create | Spearman |
| 21:53 | Create | Militia |
| 21:53 | Create | Militia |
| 22:00 | Create | Villager (Male) |
| 22:03 | Create | Fishing Ship |
| 22:03 | Create | Fishing Ship |
| 22:29 | Build | Mining Camp |
| 22:36 | Build | Farm |
| 22:39 | Build | Farm |
| 22:46 | Build | Lumber Camp |
| 22:52 | Build | Farm |
| 23:00 | Build | Mining Camp |
| 23:49 | Research | Castle Age |
| 23:57 | Build | Lumber Camp |
| 24:01 | Create | Militia |
| 24:05 | Create | Scout Cavalry |
| 24:05 | Create | Scout Cavalry |
| 25:16 | Build | Dock |
| 25:20 | Create | Fishing Ship |
| 25:20 | Create | Fishing Ship |
| 25:25 | Create | Fishing Ship |
| 25:25 | Create | Fishing Ship |
| 26:01 | Research | Bloodlines |
| 26:02 | Create | Scout Cavalry |
| 26:02 | Create | Scout Cavalry |
| 26:07 | Research | Scale Mail Armor |
| 26:08 | Research | Forging |
| 26:09 | Research | Fletching |
| 26:26 | Build | House |
| 26:26 | Build | House |
| 26:26 | Build | House |
| 26:27 | Build | House |
| 26:27 | Build | House |
| 26:28 | Build | House |
| 26:30 | Build | House |
| 26:40 | Research | Stone Mining |
| 26:43 | Research | Gold Mining |
| 26:53 | Research | Gillnets |
Build order — EL SANTO PADRE EL ORIGINAL
First 150 of 175 actions detected
| 0:03 | Create | Villager (Male) |
| 0:03 | Create | Villager (Male) |
| 0:03 | Create | Villager (Male) |
| 0:04 | Create | Villager (Male) |
| 0:04 | Create | Villager (Male) |
| 0:06 | Build | House |
| 0:10 | Build | House |
| 1:21 | Research | Loom |
| 2:19 | Create | Villager (Male) |
| 2:19 | Create | Villager (Male) |
| 2:19 | Create | Villager (Male) |
| 2:20 | Create | Villager (Male) |
| 2:58 | Create | Villager (Male) |
| 2:59 | Create | Villager (Male) |
| 2:59 | Create | Villager (Male) |
| 3:42 | Create | Villager (Male) |
| 4:43 | Create | Villager (Male) |
| 4:43 | Create | Villager (Male) |
| 4:43 | Create | Villager (Male) |
| 5:07 | Create | Villager (Male) |
| 5:15 | Build | Lumber Camp |
| 5:20 | Create | Villager (Male) |
| 5:20 | Create | Villager (Male) |
| 5:26 | Build | House |
| 5:28 | Build | House |
| 6:14 | Create | Villager (Male) |
| 6:14 | Create | Villager (Male) |
| 6:14 | Create | Villager (Male) |
| 6:15 | Create | Villager (Male) |
| 7:54 | Build | Mining Camp |
| 8:48 | Build | Mill |
| 9:06 | Research | Feudal Age |
| 9:06 | Research | Feudal Age |
| 10:04 | Build | Barracks |
| 10:17 | Build | House |
| 10:40 | Create | Villager (Male) |
| 10:41 | Create | Villager (Male) |
| 10:41 | Create | Villager (Male) |
| 10:41 | Create | Villager (Male) |
| 10:47 | Create | Villager (Male) |
| 10:47 | Create | Villager (Male) |
| 11:16 | Age | Feudal Age |
| 11:51 | Research | Double-Bit Axe |
| 12:17 | Build | Stable |
| 12:22 | Research | Wheelbarrow |
| 12:35 | Research | Horse Collar |
| 12:53 | Create | Villager (Male) |
| 12:54 | Create | Villager (Male) |
| 12:54 | Create | Villager (Male) |
| 13:29 | Build | Blacksmith |
| 13:32 | Build | House |
| 13:33 | Build | House |
| 13:44 | Build | Farm |
| 14:08 | Build | Farm |
| 14:18 | Build | Farm |
| 14:36 | Build | Farm |
| 14:42 | Build | Farm |
| 14:53 | Build | Farm |
| 15:05 | Build | Farm |
| 15:10 | Build | Farm |
| 15:27 | Build | Farm |
| 15:48 | Build | Farm |
| 16:03 | Build | House |
| 16:05 | Build | House |
| 16:07 | Build | House |
| 16:34 | Research | Castle Age |
| 16:34 | Research | Castle Age |
| 16:41 | Build | Mining Camp |
| 17:02 | Create | Villager (Male) |
| 17:02 | Create | Villager (Male) |
| 17:12 | Create | Spearman |
| 17:13 | Create | Spearman |
| 17:24 | Create | Spearman |
| 17:25 | Create | Spearman |
| 17:41 | Create | Spearman |
| 18:04 | Research | Stone Mining |
| 18:04 | Research | Stone Mining |
| 18:32 | Create | Spearman |
| 18:33 | Create | Spearman |
| 18:33 | Create | Spearman |
| 19:13 | Create | Spearman |
| 19:13 | Create | Spearman |
| 19:13 | Create | Spearman |
| 19:13 | Create | Spearman |
| 19:13 | Create | Spearman |
| 19:13 | Create | Spearman |
| 19:13 | Create | Spearman |
| 19:13 | Create | Spearman |
| 19:14 | Age | Castle Age |
| 19:32 | Create | Knight |
| 19:32 | Create | Knight |
| 19:55 | Create | Knight |
| 20:18 | Create | Knight |
| 20:18 | Create | Knight |
| 21:00 | Research | Bow Saw |
| 21:30 | Build | Castle |
| 21:33 | Create | Villager (Male) |
| 21:34 | Create | Villager (Male) |
| 21:36 | Create | Villager (Male) |
| 21:43 | Create | Villager (Male) |
| 21:44 | Create | Villager (Male) |
| 22:06 | Create | Villager (Male) |
| 22:06 | Create | Villager (Male) |
| 22:14 | Build | Farm |
| 22:24 | Create | Villager (Male) |
| 22:25 | Create | Villager (Male) |
| 22:26 | Create | Villager (Male) |
| 22:50 | Build | Farm |
| 22:53 | Build | Farm |
| 22:56 | Build | Farm |
| 23:01 | Build | Farm |
| 23:04 | Create | Woad Raider |
| 23:04 | Create | Woad Raider |
| 23:14 | Build | Farm |
| 23:19 | Build | Farm |
| 23:22 | Build | Farm |
| 23:23 | Create | Woad Raider |
| 23:23 | Create | Woad Raider |
| 23:30 | Create | Woad Raider |
| 23:53 | Create | Woad Raider |
| 23:53 | Create | Woad Raider |
| 23:57 | Create | Villager (Male) |
| 23:57 | Create | Villager (Male) |
| 24:01 | Build | Farm |
| 24:07 | Build | Farm |
| 24:11 | Build | Farm |
| 24:33 | Create | Woad Raider |
| 24:34 | Create | Woad Raider |
| 24:34 | Create | Woad Raider |
| 24:34 | Create | Woad Raider |
| 25:08 | Create | Woad Raider |
| 25:08 | Create | Woad Raider |
| 25:08 | Create | Woad Raider |
| 25:08 | Create | Woad Raider |
| 25:09 | Create | Woad Raider |
| 25:41 | Create | Woad Raider |
| 25:42 | Create | Woad Raider |
| 25:42 | Create | Woad Raider |
| 25:47 | Create | Villager (Male) |
| 25:47 | Create | Villager (Male) |
| 26:07 | Create | Woad Raider |
| 26:07 | Create | Woad Raider |
| 26:08 | Create | Woad Raider |
| 26:21 | Create | Villager (Male) |
| 26:21 | Create | Villager (Male) |
| 26:21 | Create | Villager (Male) |
| 26:29 | Build | Town Center |
| 27:51 | Build | Farm |
| 28:00 | Build | Mill |
| 28:07 | Build | Farm |
Match timeline
| 7:08 | John Battlefield · first_building Dock |
| 8:49 | HolyAssassin785 · first_building Dock |
| 9:54 | HolyAssassin785 · first_building Barracks |
| 10:04 | EL SANTO PADRE EL ORIGINAL · first_building Barracks |
| 10:58 | John Battlefield · age_up feudal |
| 11:16 | EL SANTO PADRE EL ORIGINAL · age_up feudal |
| 11:31 | RAFAEL CORREA DELGADO · age_up feudal |
| 12:02 | Leon S. Kennedy · first_building Barracks |
| 12:17 | EL SANTO PADRE EL ORIGINAL · first_building Stable |
| 12:40 | nacho167 · first_building Barracks |
| 13:15 | nacho167 · age_up feudal |
| 13:51 | Leon S. Kennedy · age_up feudal |
| 14:00 | Leon S. Kennedy · first_building Archery Range |
| 15:44 | HolyAssassin785 · first_building Stable |
| 15:48 | HolyAssassin785 · first_building Archery Range |
| 16:25 | RAFAEL CORREA DELGADO · first_building Barracks |
| 17:48 | nacho167 · first_building Donjon |
| 18:47 | nacho167 · first_building Stable |
| 19:14 | EL SANTO PADRE EL ORIGINAL · age_up castle |
| 19:45 | John Battlefield · first_building Barracks |
| 20:10 | RAFAEL CORREA DELGADO · first_building Archery Range |
| 20:48 | John Battlefield · first_building Archery Range |
| 21:30 | EL SANTO PADRE EL ORIGINAL · first_building Castle |
| 22:41 | Leon S. Kennedy · first_building Stable |
| 23:40 | RAFAEL CORREA DELGADO · age_up castle |
| 23:47 | HolyAssassin785 · first_market_buy 100 food |
| 25:23 | Leon S. Kennedy · age_up castle |
| 26:39 | nacho167 · age_up castle |
| 27:29 | John Battlefield · resign |
| 28:05 | HolyAssassin785 · first_building Castle |
| 28:24 | nacho167 · first_building Castle |
| 31:45 | RAFAEL CORREA DELGADO · first_building Stable |
[ AI ANALYSIS · 1 CREDIT ]
What really happened in this match?
Wolo.gg analyzes every decision: build order, eco, micro, common mistakes by bracket. Personalized analysis on WhatsApp or Discord in 30 seconds.
Civ guide
Teutons
Map guide
MegaRandom
Perfil
EL_PUERCO_REDENTOR